 Dungeon Crawl Stone Soup version 0.30.1-5-ged363bc7ee (webtiles) character file.

Game seed: 1913684745603315863

255944 Cassiopeia the Peltast (level 19, -4/268 HPs)
             Began as an Armataur Berserker on Sept 19, 2023.
             Was the Champion of Trog.
             Constricted to death by a nagaraja (7 damage)
             ... on level 4 of the Snake Pit.
             The game lasted 01:49:01 (37750 turns).

Cassiopeia the Peltast (Armataur Berserker)        Turns: 37750, Time: 01:49:01

Health: -4/268     AC: 41    Str: 27    XL:     19   Next: 44%
Magic:  19/19      EV: 12    Int: 18    God:    Trog [******]
Gold:   305        SH: 23    Dex: 23    Spells: 18/18 levels left

rFire   . . .        F - +4 broad axe (protect)
rCold   + . .        V - +2 kite shield of the Everdark {Regen+ Int+9}
rNeg    + + .        X - +3 plate armour {rN+}
rPois   .            C - +3 crown of Dyrovepreva {rElec Int+2 SInv}
rElec   +            U - +2 cloak
rCorr   .            h - +2 pair of gloves
SInv    +            a - +0 barding of Ocintohu {*Slow rN+ Dex+3}
Will    ++...        D - amulet "Rohahir" {Reflect Contam Dex+6 Slay+5 SH+5 Stlth+} Stlth
                     R - ring of willpower
HPRegen 1.44/turn    t - ring of Jeplozyxud {Fly rElec rC+ EV+5}
MPRegen 0.16/turn

%: slow self (1%), reflection, roll
@: berserking, lethally poisoned (-4 -> -39), weakened, under a protective aura,
flying, constricted, very quick
A: large, rugged brown scales 3, deformed body, armoured tail, roll, long
tongue, awkward tongue
}: 1/15 runes: barnacled
a: Renounce Religion, Berserk, Trog's Hand, Brothers in Arms


You were on level 4 of the Snake Pit.
You worshipped Trog.
Trog was exalted by your worship.
You visited 6 branches of the dungeon, and saw 32 of its levels.
You visited 1 bazaar.
You also visited: Bailey and Ice Cave.

You collected 3022 gold pieces.
You spent 2717 gold pieces at shops.

Inventory:

Hand Weapons
 m - the +3 battleaxe "Jiylunywn" {flame, *Rage rPois rF+ Str+6}
   (Trog gifted it to you on level 2 of the Lair of Beasts)

   Str:       It affects your strength (+6).
   rF:        It protects you from fire.
   rPois:     It protects you from poison.
   *Rage:     It berserks you when you make melee attacks (+20% chance).
 F - a +4 broad axe of protection (weapon)
 M - a +2 executioner's axe of flaming
 Y - the +8 battleaxe of Exquisite Death {freeze, rElec rC- Dex+7 Stlth+}
   (You found it on level 4 of the Shoals)

   Dex:       It affects your dexterity (+7).
   rC:        It makes you vulnerable to cold.
   rElec:     It insulates you from electricity.
   Stlth:     It makes you more stealthy.
Missiles
 u - 26 boomerangs (quivered)
 x - 6 throwing nets
 T - 2 curare-tipped darts
Armour
 a - the +0 barding of Ocintohu (worn) {*Slow rN+ Dex+3}
   (You acquired it on level 9 of the Dungeon)

   Dex:       It affects your dexterity (+3).
   rN:        It protects you from negative energy.
   *Slow:     It may slow you when you take damage.
 h - a +2 pair of gloves (worn)
 C - the +3 crown of Dyrovepreva (worn) {rElec Int+2 SInv}
   (You bought it in a shop on level 2 of the Orcish Mines)

   Int:       It affects your intelligence (+2).
   rElec:     It insulates you from electricity.
   SInv:      It lets you see invisible.
 U - a +2 cloak (worn)
 V - the +2 kite shield of the Everdark (worn) {Regen+ Int+9}
   (You found it in a bailey)

   Int:       It affects your intelligence (+9).
   Regen:     It increases your rate of health regeneration.
 X - a +3 plate armour of positive energy (worn)
Jewellery
 b - a ring of willpower
 c - a +6 ring of dexterity
 o - a ring of poison resistance
 t - the ring of Jeplozyxud (right hand) {Fly rElec rC+ EV+5}
   (You took it off a death knight on level 12 of the Dungeon)

   [ring of evasion]

   EV:        It affects your evasion (+5).
   rC:        It protects you from cold.
   rElec:     It insulates you from electricity.
   Fly:       It grants you flight.
 D - the amulet "Rohahir" (around neck) {Reflect Contam Dex+6 Slay+5 SH+5 Stlth+}
   (You acquired it on level 5 of the Lair of Beasts)

   [amulet of reflection]

   It reflects blocked missile attacks.
   Dex:       It affects your dexterity (+6).
   Slay:      It affects your accuracy & damage with ranged weapons and melee
   (+5).
   Contam:    It causes magical contamination when unequipped.
   SH:        It affects your SH (+5).
   Stlth:     It makes you more stealthy.
 N - a +5 ring of evasion
 R - a ring of willpower (left hand)
Wands
 p - a wand of mindburst (11)
 s - a wand of light (21)
 v - a wand of flame (47)
 H - a wand of paralysis (18)
 K - a wand of iceblast (24)
 L - a wand of polymorph (20)
Scrolls
 f - 4 scrolls of fear
 g - 3 scrolls of torment
 i - 17 scrolls of teleportation
 k - 4 scrolls of magic mapping
 r - 5 scrolls of fog
 y - 3 scrolls of blinking
 A - 3 scrolls of vulnerability
 B - 3 scrolls of immolation
 I - 4 scrolls of poison
 Q - 2 scrolls of silence
 Z - 6 scrolls of identify
Potions
 d - 2 potions of ambrosia
 e - 15 potions of curing
 j - 4 potions of invisibility
 l - 6 potions of haste
 q - 7 potions of heal wounds
 w - 3 potions of might
 z - 3 potions of mutation
 E - 3 potions of cancellation
 G - 5 potions of attraction
 J - 3 potions of flight
 O - 3 potions of lignification
 S - 3 potions of berserk rage
Miscellaneous
 n - a condenser vane
 P - a box of beasts
 W - a lightning rod (4/4)


   Skills:
 + Level 14.6 Fighting
 - Level 16.0 Axes
 - Level 8.0 Throwing
 + Level 13.8 Armour
 + Level 11.8 Dodging
 - Level 0.3 Stealth
 - Level 17.1 Shields
 + Level 13.9 Evocations


You had 18 spell levels left.
You didn't know any spells.
Your spell library was empty.

Dungeon Overview and Level Annotations

Branches:
Dungeon (15/15)            Temple (0/1) D:5            Lair (5/5) D:10
 Shoals (4/4) Lair:2        Snake (4/4) Lair:3        Slime (0/5) Lair:5
    Orc (2/2) D:11            Elf (2/3) Orc:2        Vaults (0/5) D:14
 Depths (0/4) D:15         Bailey (visited)           IceCv (visited)

Altars:
Ashenzari
Cheibriados
Dithmenos
Elyvilon
Fedhas
Gozag
Hepliaklqana
Makhleb
Nemelex Xobeh
Okawaru
Ru
Sif Muna
Uskayaw
Vehumet
Xom
Yredelemnul
Jiyva

Shops:
D:9 ?   D:11 (   Orc:1 *   Orc:2 *([*   Elf:1 ([   Elf:2 *   Shoals:3 *
Snake:1 ((([*   Snake:2 *

Portals:
Abyss: D:14
Trove: D:15 (give +5 ice dragon scales)

Annotations:
D:14 2 transporters, Qejeo's ghost, journeyman MiBe
Snake:3 1 runed translucent door, Ishropp's ghost, adept MiBe
Elf:2 3 runed translucent doors, Cuucabuana's ghost, veteran MiGl


Innate Abilities, Weirdness & Mutations

You are completely covered in rugged brown scales. (AC +3, +7% HP)
Armour fits poorly on your strangely shaped body.
You have a long armoured tail.
You roll when moving toward enemies. (Rampage)
Your long tongue fully drains potion bottles. (2x potion effects)
Your tongue gives you trouble enunciating. (1.5x scroll delay)


Message History

You slash the salamander tyrant!
The salamander tyrant is almost dead.
You slash the nagaraja! You barely miss the naga warrior.
You closely miss the nagaraja. You hit the salamander tyrant.
You slash the salamander tyrant! You hit the naga sharpshooter.
You closely miss the guardian serpent.
You feel very sick. The nagaraja spits poison at you.
The splash of poison hits you but does no damage.
You are more poisoned.
The nagaraja constricts you.
You block the guardian serpent's attack.
The naga warrior hits you with a +0 hand axe!
* * * LOW HITPOINT WARNING * * *
You block the salamander tyrant's attack.
The salamander tyrant hits you but does no damage.
The nagaraja spits poison at you. The splash of poison hits you.
You are lethally poisoned!
* * * LOW HITPOINT WARNING * * *
The salamander tyrant hits you but does no damage.
You slash the salamander tyrant!
You kill the salamander tyrant!
Trog accepts your kill.
Trog appreciates your killing of a magic user.
You barely miss the nagaraja. You slash the naga warrior!
You slice the nagaraja!! You hit the salamander tyrant.
You slash the salamander tyrant! You hit the naga sharpshooter.
You barely miss the guardian serpent.
* * * LOW HITPOINT WARNING * * *
You feel extremely sick. The guardian serpent barely misses you.
The naga sharpshooter spits poison at you.
You block splash of poison... and reflect it back!
The splash of poison hits the naga sharpshooter.
The naga sharpshooter completely resists.
The nagaraja hits you from afar with a +0 halberd!!
* * * LOW HITPOINT WARNING * * *
You block the nagaraja's attack. The nagaraja constricts you!
You die...

#.. N. .. ##. #.. ###N###
#### ####..SNN#######..#
.##......@N...##....######
.#.......NNN....†#........#
#.................#.......#
.#.................#........
#...............)...#.......
#.........<.........#)).....
#..........<†))......)))....
#...................#÷))....
#.................#.......#


You could see 3 nagarajas, a naga warrior, a naga sharpshooter (strong, catching
breath), 2 salamander tyrants, a salamander mystic (strong) and a guardian
serpent.

Vanquished Creatures
  Mara (Shoals:3)
  Saint Roka (Orc:2)
  Mlioglotl (Shoals:1)
  Jorgrun (Snake:3)
  2 sphinxes (Shoals:4)
  Kirke (Snake:3)
  Polyphemus (Shoals:2)
  2 krakens
  Gastronok (D:12)
  Donald (Orc:2)
  Roxanne (Shoals:1)
  5 nagarajas
  Ilsuiw (Shoals:2)
  Aizul (Snake:2)
  An orc warlord (Orc:1)
  A minotaur (Shoals:4)
  An ettin (D:15)
  A fire dragon (D:15)
  A deep elf high priest (Elf:1)
  4 merfolk impalers
  Josephine (Orc:1)
  4 vault guards (D:14)
  6 salamander tyrants
  Erolcha (Orc:1)
  Harold (Orc:1)
  2 alligator snapping turtles
  An ogre mage (D:15)
  A hydra (Lair:5)
  5 centaur warriors
  4 catoblepae
  15 anacondas
  2 merfolk aquamancers (Shoals:3)
  2 merfolk avatars (Shoals:4)
  An alligator (Lair:5)
  A death knight (D:12)
  3 tengu warriors
  10 two-headed ogres
  9 naga warriors
  21 dancing weapons
  14 satyrs
  Urug (Orc:2)
  2 orc high priests
  A deep troll shaman (Lair:5)
  2 boulder beetles
  9 death yaks
  5 shock serpents
  Nergalle (Orc:1)
  14 deep elf knights
  17 naga sharpshooters
  9 skysharks
  2 salamander mystics (Snake:4)
  2 deep trolls (D:15)
  6 naga ritualists
  A storm dragon skeleton (D:15)
  An orb spider (shapeshifter) (Elf:2)
  7 deep elf archers
  9 sea snakes
  3 orc knights
  2 necromancers (D:15)
  20 deep elf zephyrmancers
  17 mana vipers
  A wolf spider zombie (D:15)
  A salamander (shapeshifter) (Elf:1)
  3 orc sorcerers
  13 ugly things
  17 deep elf pyromancers
  18 harpies
  18 fauns
  10 cyclopes
  8 salamanders
  19 manticores
  11 elephants
  44 black mambas
  7 merfolk sirens
  10 guardian serpents
  22 naga magi
  The ghost of Esekla the Thaumaturge, a novice DEWn of Vehumet (D:6)
  4 cane toads
  6 water nymphs
  3 gargoyles (D:12)
  An unseen horror (D:11)
  A rime drake (Lair:5)
  A centaur skeleton (D:15)
  Maggie (D:8)
  6 kobold demonologists
  3 komodo dragons
  A cane toad (shapeshifter) (D:12)
  A yaktaur (D:12)
  2 ice devils (Lair:1)
  3 tengu conjurers
  A merfolk (shapeshifter) (Elf:2)
  4 polar bears
  A meliai (shapeshifter) (D:13)
  4 trolls
  15 merfolk
  8 wind drakes
  10 blink frogs
  A harpy skeleton (D:15)
  20 dream sheep
  7 snapping turtles
  10 slime creatures
  An air elemental (Elf:2)
  14 water elementals
  5 shadows (D:11)
  A human (shapeshifter) (D:15)
  2 vampires
  3 wyverns
  40 yaks
  2 fire elementals
  3 hogs (Snake:3)
  5 wraiths
  8 vampire mosquitoes
  8 humans (D:14)
  2 steam dragons
  A two-headed ogre zombie (D:11)
  Menkaure (D:4)
  11 wargs
  34 nagas
  3 acid dragons
  A hydra simulacrum (IceCv)
  Duvessa (D:7)
  19 water moccasins
  2 sky beasts
  A black bear (Lair:1)
  40 orc warriors
  2 ice beasts
  4 ogres
  23 wolves
  4 boggarts (D:14)
  13 centaurs
  2 phantoms
  2 kobold brigands
  16 bullfrogs
  4 scorpions
  A cane toad simulacrum (IceCv)
  11 wights
  Dowan (D:7)
  A troll zombie (D:11)
  A killer bee (D:9)
  2 electric eels
  4 howler monkeys
  A hound (D:5)
  4 jellies
  3 quasits (D:6)
  A gnoll bouda (D:9)
  22 orc priests
  Jessica (D:2)
  2 iguanas
  Natasha (D:2)
  34 orc wizards
  6 ogre zombies (D:11)
  A wolf simulacrum (IceCv)
  11 gnolls
  7 adders
  A shadow imp (D:8)
  A white imp (D:5)
  An ufetubus (D:5)
  A worm (D:2)
  3 dart slugs
  128 orcs
  12 endoplasms
  3 giant cockroaches
  4 goblins
  6 hobgoblins
  2 jackals
  6 quokkas
  11 ball pythons
  7 bats
  4 frilled lizards
  A goblin skeleton (D:11)
  4 goblin zombies (D:11)
  A hobgoblin skeleton (D:11)
  3 hobgoblin zombies (D:11)
  16 kobolds
  2 orc skeletons (D:11)
  14 orc zombies (D:11)
  4 rats
  4 tentacles
1213 creatures vanquished.

Vanquished Creatures (collateral kills)
  A hydra (Lair:4)
  2 death yaks (Lair:2)
  A naga warrior (Snake:3)
  A naga sharpshooter (Snake:4)
  3 salamander mystics
  A naga ritualist (Snake:1)
  An orc knight (Bailey)
  A black mamba (Snake:3)
  2 naga magi
  A death yak simulacrum (IceCv)
  A naga (Snake:4)
  A bullfrog (Lair:2)
16 creatures vanquished.

Vanquished Creatures (others)
  A deep elf knight (Elf:2)
  2 black mambas
  7 tentacles
10 creatures vanquished.

Grand Total: 1239 creatures vanquished

Notes
Turn   | Place    | Note
-------+----------+-------------------------------------------
     0 | D:1      | Cassiopeia the Armataur Berserker began the quest for the
                  | Orb.
     0 | D:1      | Reached XP level 1. HP: 19/19 MP: 1/1
    23 | D:1      | Found a faded altar of an unknown god.
   392 | D:1      | Reached XP level 2. HP: 22/26 MP: 2/2
   441 | D:1      | You fall into a shaft and drop 1 floor!
   654 | D:1      | Reached XP level 3. HP: 32/33 MP: 3/3
  1241 | D:2      | Found a basalt altar of Yredelemnul.
  1338 | D:2      | Noticed Jessica
  1341 | D:2      | Killed Jessica
  1342 | D:2      | Reached XP level 4. HP: 39/40 MP: 4/4
  1370 | D:2      | Noticed Natasha
  1373 | D:2      | Reached ** piety under Trog
  1383 | D:2      | Killed Natasha
  1912 | D:3      | Found a hide-covered altar of Uskayaw.
  2177 | D:3      | Reached XP level 5. HP: 45/48 MP: 5/5
  2433 | D:3      | Found a sparkling altar of Nemelex Xobeh.
  2562 | D:3      | Found an opulent altar of Gozag.
  2565 | D:3      | Found a snail-covered altar of Cheibriados.
  2569 | D:3      | Found a white marble altar of Elyvilon.
  2656 | D:4      | Noticed a phantom
  2677 | D:4      | Killed a phantom
  2769 | D:4      | Reached XP level 6. HP: 48/55 MP: 6/6
  3373 | D:4      | Noticed Menkaure
  3389 | D:4      | Killed Menkaure
  3389 | D:4      | HP: 4/82 [poisoned by an adder]
  3390 | D:4      | Reached skill level 5 in Armour
  3390 | D:4      | Reached XP level 7. HP: 5/64 MP: 7/7
  4213 | D:4      | Reached skill level 10 in Axes
  4213 | D:4      | Reached XP level 8. HP: 87/87 MP: 8/8
  4213 | D:4      | Reached XP level 9. HP: 95/95 MP: 9/9
  4232 | D:5      | Entered Level 5 of the Dungeon
  4289 | D:5      | Reached *** piety under Trog
  4296 | D:5      | Identified the +7 dagger "Ukkatipn" {heavy, Str+3}
  4418 | D:5      | Found a broken altar of Ashenzari.
  4658 | D:5      | Found an iron altar of Okawaru.
  4796 | D:5      | Found a staircase to the Ecumenical Temple.
  5124 | D:6      | Noticed Esekla's ghost (novice DEWn)
  5132 | D:6      | Found a transporter.
  5151 | D:6      | Reached skill level 1 in Throwing
  5199 | D:6      | Found Xafu's Magic Scroll Shop.
  5200 | D:6      | Noticed a cyclops
  5212 | D:6      | Killed a cyclops
  5339 | D:6      | Bought 3 scrolls of noise for 39 gold pieces
  5339 | D:6      | Bought a scroll of identify for 26 gold pieces
  5339 | D:6      | Bought a scroll of poison for 52 gold pieces
  5339 | D:6      | Bought a scroll of enchant weapon for 97 gold pieces
  5339 | D:6      | Bought a scroll of fear for 52 gold pieces
  5554 | D:6      | Found a transporter.
  5655 | D:6      | Reached XP level 10. HP: 97/101 MP: 10/10
  6132 | D:7      | Reached **** piety under Trog
  6583 | D:7      | Noticed Duvessa
  6583 | D:7      | Noticed Dowan
  6589 | D:7      | Killed Dowan
  6597 | D:7      | Killed Duvessa
  7085 | D:6      | Bought a scroll of enchant weapon for 97 gold pieces
  7085 | D:6      | Bought a scroll of torment for 123 gold pieces
  7344 | D:8      | Noticed Maggie
  8683 | D:8      | Killed Maggie
  8684 | D:8      | Reached skill level 5 in Dodging
  8876 | D:9      | Found Bomeumpy's Magic Scroll Shop.
  8881 | D:9      | Found a hazy altar of Hepliaklqana.
  8970 | D:9      | Found a flagged portal.
  8983 | Bailey   | Entered a bailey
  9284 | Bailey   | Noticed an orc knight
  9623 | Bailey   | Killed an orc knight
  9624 | Bailey   | Reached XP level 11. HP: 109/109 MP: 11/11
  9872 | Bailey   | Identified the +2 kite shield of the Everdark {Regen+
                  | Int+9}
 10015 | D:9      | Found a radiant altar of Vehumet.
 10042 | D:9      | Reached skill level 1 in Shields
 10096 | D:9      | Bought a scroll of identify for 26 gold pieces
 10096 | D:9      | Bought a scroll of identify for 26 gold pieces
 10096 | D:9      | Bought a scroll of amnesia for 52 gold pieces
 10151 | D:9      | Found a sacrificial altar of Ru.
 10172 | D:9      | Reached skill level 2 in Shields
 10218 | D:9      | Found a shimmering altar of Xom.
 10621 | D:10     | Entered Level 10 of the Dungeon
 10753 | D:10     | Found a staircase to the Lair.
 10760 | D:10     | Noticed a two-headed ogre
 10765 | D:10     | Reached skill level 5 in Throwing
 10777 | D:10     | Killed a two-headed ogre
 10778 | D:10     | Reached skill level 3 in Shields
 10849 | D:10     | Noticed a two-headed ogre
 10855 | D:10     | Killed a two-headed ogre
 10856 | D:10     | Reached skill level 4 in Shields
 10945 | D:10     | Reached ***** piety under Trog
 11225 | D:10     | Found a staircase to the Lair.
 11689 | Lair:1   | Entered Level 1 of the Lair of Beasts
 11698 | Lair:1   | Reached skill level 5 in Shields
 11742 | Lair:1   | Found a frozen archway.
 11824 | IceCv    | Entered an ice cave
 11824 | IceCv    | Noticed a white ugly thing
 11832 | IceCv    | Reached skill level 6 in Shields
 11836 | IceCv    | Killed a white ugly thing
 11875 | IceCv    | Found a transporter.
 11883 | IceCv    | Found a transporter.
 12169 | Lair:1   | Reached XP level 12. HP: 117/117 MP: 12/12
 12217 | Lair:1   | Reached skill level 7 in Shields
 12755 | Lair:2   | Reached skill level 8 in Shields
 12770 | Lair:2   | Noticed a death yak
 12771 | Lair:2   | Noticed a death yak
 12771 | Lair:2   | Noticed a death yak
 12772 | Lair:2   | Noticed a death yak
 12921 | Lair:2   | Noticed a catoblepas
 13073 | Lair:2   | Found a staircase to the Shoals.
 13219 | Lair:2   | Identified the +3 battleaxe "Jiylunywn" {flame, *Rage rPois
                  | rF+ Str+6} (Trog gifted it to you on level 2 of the Lair of
                  | Beasts)
 13219 | Lair:2   | Received a gift from Trog
 13263 | Lair:2   | Killed a death yak
 13265 | Lair:2   | Killed a death yak
 13271 | Lair:2   | Killed a death yak
 13278 | Lair:2   | Killed a death yak
 13279 | Lair:2   | Reached skill level 9 in Shields
 13527 | Lair:2   | Killed a catoblepas
 14445 | Lair:3   | Found a shadowy altar of Dithmenos.
 14478 | Lair:3   | Found a staircase to the Snake Pit.
 14560 | Lair:3   | Reached skill level 10 in Shields
 14719 | Lair:3   | Found a shadowy altar of Dithmenos.
 15512 | Lair:4   | Reached XP level 13. HP: 115/124 MP: 13/13
 16051 | Lair:5   | Entered Level 5 of the Lair of Beasts
 16111 | Lair:5   | Reached skill level 11 in Shields
 16118 | Lair:5   | Reached skill level 1 in Evocations
 16309 | Lair:5   | Identified a scroll of acquirement
 16310 | Lair:5   | Acquired the amulet "Rohahir" {Reflect Contam Dex+6 Slay+5
                  | SH+5 Stlth+}
 16351 | Lair:5   | Found a viscous altar of Jiyva.
 16402 | Lair:5   | Found a staircase to the Slime Pits.
 16497 | Lair:5   | Reached skill level 12 in Shields
 17569 | D:11     | Reached skill level 13 in Shields
 17591 | D:11     | Reached XP level 14. HP: 93/132 MP: 14/14
 17605 | D:11     | Found a staircase to the Orcish Mines.
 17727 | D:11     | Found a burning altar of Makhleb.
 17884 | D:11     | Found Plog's Antique Weapon Emporium.
 18218 | Orc:1    | Entered Level 1 of the Orcish Mines
 18222 | Orc:1    | Received a gift from Trog
 18358 | Orc:1    | Noticed Harold
 18501 | Orc:1    | Reached skill level 5 in Evocations
 18589 | Orc:1    | Found Cacse's General Store.
 18589 | Orc:1    | Noticed Erolcha
 18641 | Orc:1    | Killed Erolcha
 18650 | Orc:1    | Noticed Nergalle
 18657 | Orc:1    | Killed Nergalle
 18696 | Orc:1    | Bought a potion of heal wounds for 75 gold pieces
 18701 | Orc:1    | Noticed Josephine
 18711 | Orc:1    | Killed Josephine
 18717 | Orc:1    | Killed Harold
 19126 | Orc:2    | Entered Level 2 of the Orcish Mines
 19127 | Orc:2    | Noticed an orc warlord
 19144 | Orc:1    | Killed an orc warlord
 19187 | Orc:2    | Noticed Donald
 19204 | Orc:2    | Killed Donald
 19205 | Orc:2    | Reached skill level 14 in Shields
 19435 | Orc:2    | Found a staircase to the Elven Halls.
 19462 | Orc:2    | Found Sagux's Assorted Antiques.
 19480 | Orc:2    | Bought a scroll of enchant armour for 217 gold pieces
 19554 | Orc:2    | Reached ****** piety under Trog
 19555 | Orc:2    | Noticed Saint Roka
 19570 | Orc:2    | Received a gift from Trog
 19577 | Orc:2    | Killed Saint Roka
 19580 | Orc:2    | Found Kuesch's Antique Weapon Shoppe.
 19673 | Orc:2    | Found Ahyo's Antique Armour Emporium.
 20001 | Orc:2    | Noticed Urug
 20007 | Orc:2    | Killed Urug
 20231 | Orc:2    | Found Wesaw's General Store.
 20467 | D:12     | Noticed Gastronok
 20474 | D:12     | Killed Gastronok
 20475 | D:12     | Reached skill level 15 in Shields
 20685 | D:12     | Identified the amulet of Fuv Irphu {Faith Int+4}
 20686 | D:12     | Identified the ring of Imaysk {Will+ Str-4 Int+6 Stlth+}
 20687 | D:12     | Identified the ring of Jeplozyxud {Fly rElec rC+ EV+5}
 20786 | D:12     | Reached XP level 15. HP: 123/138 MP: 15/15
 20802 | D:12     | Identified the amulet "Trusted Companion" {Faith rPois
                  | Str+2 Int-4}
 21601 | D:13     | Received a gift from Trog
 22293 | D:14     | Found a transporter.
 22323 | D:14     | Found a transporter.
 22333 | D:14     | Noticed Qejeo's ghost (journeyman MiBe)
 22342 | D:14     | Noticed a profane servitor
 22342 | D:14     | Found the necklace of Bloodlust {Fury *Rage Will++ Int-3
                  | Slay+6}
 22431 | D:14     | Found a one-way gate to the infinite horrors of the Abyss.
 22449 | D:14     | Reached skill level 16 in Shields
 23250 | D:14     | Found a gate to the Vaults.
 23608 | D:6      | Killed Esekla's ghost
 23814 | D:15     | Entered Level 15 of the Dungeon
 23828 | D:15     | Received a gift from Trog
 24005 | D:15     | Found a staircase to the Depths.
 24024 | D:15     | Reached skill level 17 in Shields
 24031 | D:15     | Found a blossoming altar of Fedhas.
 24100 | D:15     | Found a portal to a secret trove of treasure.
 24591 | Orc:2    | Bought the +3 crown of Dyrovepreva {rElec Int+2 SInv} for
                  | 1159 gold pieces
 24591 | Orc:2    | Found the +3 crown of Dyrovepreva {rElec Int+2 SInv}
 24639 | Elf:1    | Entered Level 1 of the Elven Halls
 24690 | Elf:1    | Found Dasouwoxt's Antique Armour Boutique.
 24690 | Elf:1    | Found Liomeis's Weapon Shop.
 24852 | Elf:1    | Reached XP level 16. HP: 116/146 MP: 16/16
 25088 | Elf:1    | You are sucked into a shaft and drop 1 floor!
 25091 | Elf:2    | Found a magical portal.
 25104 | Elf:2    | Paralysed by an air elemental for 1 turns
 25111 | Elf:2    | Paralysed by an air elemental for 1 turns
 25252 | Elf:1    | Received a gift from Trog
 25403 | Elf:1    | Identified the +6 arbalest "Ogrebane" {penet, +Blink Will+
                  | Str+5}
 25580 | Elf:2    | Noticed Cuucabuana's ghost (veteran MiGl)
 25603 | Elf:2    | Found Wuveanir's General Store.
 25605 | Elf:2    | Found a runed translucent gate.
 25652 | Elf:2    | Found a shimmering blue altar of Sif Muna.
 25734 | Elf:2    | Found a runed translucent gate.
 25775 | Elf:2    | Found a runed translucent gate.
 25835 | Elf:2    | Received a gift from Trog
 25836 | Elf:2    | Reached skill level 10 in Evocations
 25988 | Elf:2    | Found a runed translucent gate.
 26015 | Elf:2    | Found a runed translucent gate.
 26018 | Elf:2    | Found a runed translucent gate.
 26790 | Elf:2    | Reached skill level 15 in Axes
 27475 | Shoals:1 | Entered Level 1 of the Shoals
 27553 | Shoals:1 | Received a gift from Trog
 27594 | Shoals:1 | Found a flickering gateway to a bazaar.
 27622 | Bazaar   | Entered a bazaar
 27622 | Bazaar   | Found Buffieh's General Store.
 27622 | Bazaar   | Found Irryir's Antique Armour Boutique.
 27644 | Bazaar   | Found Roqazxao's Antique Weapon Emporium.
 27652 | Bazaar   | Found Misy's Distillery.
 27663 | Bazaar   | Found Yfunt's Jewellery Boutique.
 27864 | Shoals:1 | Identified Roxanne's Grimoire of Flesh
 27864 | Shoals:1 | Noticed Roxanne
 28080 | Shoals:1 | Reached XP level 17. HP: 153/156 MP: 17/17
 28152 | Shoals:1 | Noticed Mlioglotl
 28164 | Shoals:1 | Killed Mlioglotl
 28485 | Shoals:1 | Killed Roxanne
 28832 | Shoals:2 | Noticed Polyphemus
 29084 | Shoals:2 | Noticed Ilsuiw
 29106 | Shoals:2 | Killed Ilsuiw
 29247 | Shoals:2 | Killed Polyphemus
 29767 | Shoals:3 | Found Dokyow's Assorted Antiques.
 29951 | Shoals:3 | Received a gift from Trog
 30303 | Shoals:3 | Reached skill level 10 in Armour
 30428 | Shoals:3 | Noticed a kraken
 30442 | Shoals:3 | Killed a kraken
 30723 | Shoals:4 | Entered Level 4 of the Shoals
 30723 | Shoals:4 | Noticed Mara
 30730 | Shoals:3 | Noticed Cassiopeia's illusion
 30756 | Shoals:3 | Killed Mara
 30835 | Shoals:4 | Received a gift from Trog
 31096 | Shoals:4 | Reached skill level 10 in Dodging
 31299 | Shoals:4 | Noticed a kraken
 31306 | Shoals:4 | Killed a kraken
 31392 | Shoals:4 | Reached XP level 18. HP: 130/167 MP: 18/18
 31440 | Shoals:4 | Received a gift from Trog
 31531 | Shoals:4 | Got a barnacled rune of Zot
 31684 | Shoals:4 | Identified the staff of poison "Hoxiung" {rPois Int+3}
 31685 | Shoals:4 | Identified the +8 battleaxe of Exquisite Death {freeze,
                  | rElec rC- Dex+7 Stlth+}
 31950 | Snake:1  | Entered Level 1 of the Snake Pit
 32219 | Snake:1  | Found Odeiwots's Weapon Shop.
 32316 | Snake:1  | Found Bucs's Antique Weapon Emporium.
 32352 | Snake:1  | Found Voggaal's General Store.
 32371 | Snake:1  | Received a gift from Trog
 32570 | Snake:1  | Found Cuofowib's Antique Armour Shoppe.
 32654 | Snake:1  | Found Pohuxt's Weapon Boutique.
 33687 | Snake:2  | Received a gift from Trog
 33943 | D:9      | Bought a scroll of acquirement for 676 gold pieces
 33943 | D:9      | Acquired the +0 barding of Ocintohu {*Slow rN+ Dex+3}
 34722 | Snake:2  | Found Nutitseek's Needful Niceties.
 35477 | Snake:3  | Noticed Aizul
 35492 | Snake:2  | Killed Aizul
 35709 | Snake:3  | Noticed Jorgrun
 35718 | Snake:3  | Killed Jorgrun
 36014 | Snake:3  | Reached XP level 19. HP: 171/178 MP: 19/19
 36118 | Snake:3  | Noticed Kirke
 36125 | Snake:3  | Killed Kirke
 36165 | Snake:3  | Found a runed translucent door.
 36166 | Snake:3  | Noticed Ishropp's ghost (adept MiBe)
 36484 | Snake:4  | Entered Level 4 of the Snake Pit
 37469 | Snake:4  | Received a gift from Trog
 37750 | Snake:4  | HP: 3/268 [nagaraja/+0 halberd (24)]
 37750 | Snake:4  | Constricted to death by a nagaraja

Illustrated notes

Levels and vault maps discovered:
D:1:      minmay_arrival_wavy_path, layout_basic,
          ebering_ecumenical_altar_petrified
D:2:      layout_basic, basic_altar, minmay_crystal_water, uniq_jessica,
          uniq_natasha
D:3:      cheibrodos_old_hovel, layout_loops_ring, mainiacjoe_overflow_brackets,
          eat_drink_and_be_merry_uskayaw, grunt_temple_overflow_diamond,
          kennysheep_potato
D:4:      layout_cave_pools, minmay_manual_moon, uniq_menkaure
D:5:      layout_loops_ring, cheibrodos_ashenzari_chains,
          okawaru_ov_weapons_minmay, minmay_temple_entry_fiery
D:6:      layout_rooms, serial_shops, shop, gammafunk_ghost_stat_death
D:7:      layout_gridville, serial_co_window_serial, co_window_corner_a,
          co_window_of_opportunity_a, co_window_of_opportunity_a,
          co_window_corner_a, co_window_corner_a, co_window_corner_a,
          co_window_corner_a, co_window_cross_1, co_window_paths_a,
          co_window_paths_c, co_window_2corner, co_window_cross_4,
          co_window_2corner, glass_columns_b, glass_columns_a, uniq_duvessa
D:8:      layout_loops_ring, uniq_maggie
D:9:      layout_roguey, mainiacjoe_overflow_small_starburst,
          mainiacjoe_overflow_catwalk_spiral, tgw_xom, enter_bailey_2,
          serial_shops, nicolae_stop_n_shop_2, st_stairs_5,
          kennysheep_generic_room_7
D:10:     layout_roguey, due_lair_maze_entry_diamond
D:11:     layout_roguey, zombieorc2_lemuel, serial_shops,
          nicolae_shop_behind_doors, bloody_makhleb
D:12:     minmay_the_grid_triangle_9x9_recursive_2_mashed
          [minmay_the_grid_triangle_9x9_prize_special,
          minmay_the_grid_triangle_9x9_longest,
          minmay_the_grid_triangle_9x9_empty,
          minmay_the_grid_triangle_9x9_semitri], layout_rooms, uniq_gastronok
D:13:     layout_irregular_city, nicolae_lava_and_water,
          amcnicky_mini_pool_medium
D:14:     layout_grid_maze, ximxim_vaults_locker_room,
          gammafunk_ghost_abyssal_escape
D:15:     hangedman_depths_entry_civil_slaughter, layout_rooms, enter_trove_2,
          fedhas_altar_2, dreamdust_princess_bridge
Lair:1:   layout_chaotic_city, portal_ice_cave_demonic_guard,
          nicolae_quartered_pool_super
Lair:2:   layout_gridlike, minmay_shoals_entry_beasts, grunt_megastairs_1,
          infiniplex_staircase_pool_2, serial_bayou_shore_a
Lair:3:   layout_regular_city, guppyfry_snake_entry_garden, basic_altar,
          bh_autumn_forest_stairs, lemuel_centaur_altar
Lair:4:   layout_roguey
Lair:5:   grunt_lair_end_beastmaster, layout_loops_ring, slime_entry_1,
          grunt_forest_large_clearing_hut
Shoals:1: nicolae_shoals_island_circles, layout_shoals, serial_shops,
          bzr_firewalk, uniq_mlioglotl, uniq_roxanne
Shoals:2: layout_shoals, uniq_ilsuiw, uniq_polyphemus
Shoals:3: layout_shoals, serial_shops, shop
Shoals:4: shoals_end_hellmonk_lost_city, uniq_mara
Snake:1:  nicolae_snake_unarmed_stairs_patrol, layout_honeycomb, serial_shops,
          shop, shop, nicolae_diamond_shop, nicolae_shop_bloodbath_and_beyond,
          nicolae_shop_pleasant_corner_grove, nicolae_snake_magic_snake_eye,
          lemuel_fruit_tree
Snake:2:  layout_layer_cave, nicolae_alphabet_shops, drop_trap, abandoned_shop
Snake:3:  layout_grid_shapes, ebering_ghost_reflecting_pool, uniq_aizul,
          uniq_kirke, uniq_jorgrun
Snake:4:  snake_hunt, layout_chambers, grunt_megastairs_2
Orc:1:    layout_caves, serial_shops, shop, nooodl_orcs_dogs, uniq_erolcha,
          uniq_harold, uniq_josephine, uniq_nergalle
Orc:2:    grunt_orc_community_town_hall, layout_caves,
          grunt_orc_community_big_house_1, grunt_orc_community_big_house_2,
          grunt_orc_community_house_1, grunt_orc_community_house_3,
          grunt_orc_community_house_3, grunt_orc_community_house_1,
          grunt_orc_community_house_3, grunt_orc_community_house_3, uniq_donald,
          uniq_urug
Elf:1:    eino_elf_arrival_sip, layout_geoelf_octagon,
          kennysheep_underground_church, minmay_shoptagon
Elf:2:    elven_hall_of_blades_hangedman_original
          [nicolae_vaults_blade_armed_guards], layout_rooms,
          gammafunk_ghost_split, serial_shops, shop,
          lightli_enter_wizlab_magi_temple, basic_altar

Skill      XL: |  1  2  3  4  5  6  7  8  9 10 11 12 13 14 15 16 17 18 19 |
---------------+----------------------------------------------------------+-----
Armour         | 3 4 5 8 10 12 13 | 13.8
Fighting       | 3 4 11 12 13 14 | 14.6
Dodging        | 2 3 5 8 10 11 | 11.8
Axes           | 3 10 11 12 13 14 15 16 | 16.0
Throwing       | 1 4 6 7 8 |  8.0
Shields        | 6 10 13 15 17 | 17.1
Evocations     | 4 7 9 10 11 13 | 13.9
Stealth        | |  0.3

Action                     |  1- 3 |  4- 6 |  7- 9 | 10-12 | 13-15 | 16-18 | 19-21 || total
---------------------------+-------+-------+-------+-------+-------+-------+-------++-------
  Melee: Hand axe          |   113 |   156 |   137 |   349 |       |       |       ||   755
         Tailslap          |    10 |    25 |    14 |   106 |   172 |   278 |    78 ||   683
         Punch             |       |     1 |       |     7 |       |       |       ||     8
         War axe           |       |       |       |   278 |   223 |       |       ||   501
         Battleaxe         |       |       |       |       |     9 |       |       ||     9
         Broad axe         |       |       |       |       |   687 |  1229 |   275 ||  2191
         Unarmed           |       |       |       |       |       |       |     1 ||     1
  Throw: Stone             |       |     4 |       |     1 |       |       |       ||     5
         Boomerang         |       |       |       |       |       |     4 |       ||     4
 Invoke: Berserk           |       |     2 |     2 |    13 |    10 |    14 |     3 ||    44
         Brothers in Arms  |       |       |       |     3 |     1 |     4 |     1 ||     9
         Trog's Hand       |       |       |       |     2 |     1 |     1 |       ||     4
    Use: Potion            |       |     1 |     1 |     1 |     1 |     2 |     5 ||    11
         Scroll            |       |       |     5 |    17 |    13 |     6 |       ||    41
   Stab: Petrified         |       |       |       |     1 |     1 |       |       ||     2
         Petrifying        |       |       |       |       |     1 |       |       ||     1
         Distracted        |       |       |       |       |     1 |     2 |       ||     3
 Armour: Animal skin       |    35 |       |       |       |       |       |       ||    35
         Scale mail        |    12 |    56 |    45 |    47 |       |       |       ||   160
         Swamp dragon scal |       |       |       |    38 |       |       |       ||    38
         Steam dragon scal |       |       |       |    30 |       |       |       ||    30
         Plate armour      |       |       |       |   216 |   369 |   370 |   103 ||  1058
  Dodge: Dodged            |    59 |    73 |    53 |   229 |   180 |   412 |    83 ||  1089
  Block: Kite shield       |       |       |       |   234 |   831 |  1291 |   299 ||  2655
         Reflection        |       |       |       |       |    37 |   155 |    41 ||   233
         Other             |       |       |       |       |     1 |       |       ||     1
